 Dungeon Crawl Stone Soup version 0.27-a0-1559-g299f994 (webtiles) character file.

Game seed: 7138551705169353025

342064 Meow the Earth Mage (level 22, -4/202 HPs)
             Began as a Ghoul Fire Elementalist on July 15, 2021.
             Was an Initiate of Gozag.
             Slain by a merfolk impaler (28 damage)
             ... on level 4 of the Shoals on July 16, 2021.
             The game lasted 03:47:48 (60621 turns).

Meow the Earth Mage (Ghoul Fire Elementalist)      Turns: 60621, Time: 03:47:49

Health: -4/202     AC: 16    Str: 15    XL:     22   Next: 35%
Magic:  8/37       EV: 11    Int: 17    God:    Gozag
Gold:   3377       SH: 15    Dex: 12    Spells: 4/46 levels left

rFire    + + +     SeeInvis +   a - +8 broad axe (flame)
rCold    + . .     Faith    .   F - +2 shield of Resistance {rF++ rC++ Will++}
rNeg     + + +     Spirit   .   L - +3 salamander hide armour {Flames rF++ rC--}
rPois    ∞         Reflect  .   D - +2 helmet
rElec    .         Harm     .   T - +2 cloak {Will+}
rCorr    .         Rampage  .   k - +0 pair of fencer's gloves {Riposte Dex+3}
Will     ++++.                  I - +2 pair of boots
Stlth    +.........             v - amulet of regeneration
HPRegen  0.00/turn              c - ring of see invisible
MPRegen  0.25/turn              E - ring "Guwuvuck" {rPois Slay+4}

@: gold aura, very slightly contaminated, studying 2 skills, very slow
A: claws 1, cold resistance 1, negative energy resistance 3, inhibited
regeneration, torment resistance 2
}: 1/15 runes: gossamer
a: Renounce Religion, Potion Petition, Call Merchant, Bribe Branch


You were on level 4 of the Shoals.
You worshipped Gozag.
Gozag was most pleased with you.
You visited 9 branches of the dungeon, and saw 39 of its levels.
You visited 1 bazaar.
You also visited: Sewer, Bailey, Gauntlet and Ice Cave.

You collected 15947 gold pieces.
You spent 10321 gold pieces at shops.
You paid 2249 gold pieces to Gozag.

Inventory:

Hand Weapons
 a - a +8 broad axe of flaming (weapon)
Missiles
 d - 4 curare-tipped darts
 j - 1254 stones
 q - 1354 arrows
 A - 11 throwing nets
 M - 705 bolts
 N - 6 atropa-tipped darts
Armour
 k - the +0 pair of fencer's gloves (worn) {Riposte Dex+3}
   (You bought it in a shop on level 1 of the Orcish Mines)

   It allows the wearer to riposte with any weapon, or to riposte more often
   with a long blade, swiftly retaliating against a missed attack.
   Dex:       It affects your dexterity (+3).
 D - a +2 helmet (worn)
 F - the +2 shield of Resistance (worn) {rF++ rC++ Will++}
   (You found it on level 6 of the Dungeon)

   rF:        It greatly protects you from fire.
   rC:        It greatly protects you from cold.
   Will:      It greatly increases your willpower.
 I - a +2 pair of boots (worn)
 L - the +3 salamander hide armour (worn) {Flames rF++ rC--}
   (You bought it in a shop in a bazaar)

   It surrounds you with a cloud of flames.
   It grants immunity to clouds of flame.
   It enhances your fire magic.
   rF:        It greatly protects you from fire.
   rC:        It makes you very vulnerable to cold.
 S - the +6 leather armour of Protective Custody {Str+3 Dex+4}
   (You bought it in a shop on level 2 of the Orcish Mines)

   Str:       It affects your strength (+3).
   Dex:       It affects your dexterity (+4).
 T - a +2 cloak of willpower (worn)
Jewellery
 b - a ring of resist corrosion
 c - a ring of see invisible (left hand)
 o - a ring of flight
 v - an amulet of regeneration (around neck)
 E - the ring "Guwuvuck" (right hand) {rPois Slay+4}
   (You found it in a Gauntlet)

   [ring of slaying]

   Slay:      It affects your accuracy & damage with ranged weapons and melee
   (+4).
   rPois:     It protects you from poison.
Wands
 g - a wand of acid (13)
 z - a wand of mindburst (4)
 C - a wand of digging (11)
 Q - a wand of iceblast (32)
Scrolls
 l - 3 scrolls of summoning
 n - 3 scrolls of fear
 p - 4 scrolls of torment
 r - 5 scrolls of enchant armour
 u - 5 scrolls of fog
 x - 5 scrolls of amnesia
 y - 3 scrolls of blinking
 H - 29 scrolls of identify
 O - 3 scrolls of teleportation
 P - 4 scrolls of silence
 R - 8 scrolls of magic mapping
 X - 3 scrolls of brand weapon
 Z - a scroll of enchant weapon
Potions
 e - 6 potions of flight
 h - 7 potions of attraction
 i - 4 potions of cancellation
 m - 5 potions of degeneration
 s - 6 potions of might
 w - 11 potions of curing
 B - 6 potions of brilliance
 G - 6 potions of haste
 J - 5 potions of ambrosia
 W - 5 potions of resistance
Miscellaneous
 f - a condenser vane
 t - a box of beasts
 K - a phantom mirror


   Skills:
 - Level 18.0 Fighting
 - Level 18.0 Axes
 - Level 1.7 Dodging
 - Level 2.1 Stealth
 - Level 15.0 Shields
 + Level 12.5 Spellcasting
 + Level 13.8 Conjurations
 - Level 4.0 Fire Magic
 - Level 18.1 Earth Magic


You had 4 spell levels left.
You knew the following spells:

 Your Spells              Type           Power      Damage    Failure   Level
a - Foxfire               Conj/Fire      100%       2x1d9     1%          1
b - Lee's Rapid Deconstr  Erth           32%        3d17*     1%          5
c - Mephitic Cloud        Conj/Pois/Air  26%        N/A       3%          3
e - Ozocubu's Armour      Ice            10%        N/A       24%         3
f - Iron Shot             Conj/Erth      30%        9d6       1%          6
t - Irradiate             Conj/Tmut      17%        3d19      13%         5
B - Iskenderun's Mystic   Conj/Tloc      34%        2d8       4%          4
E - Leda's Liquefaction   Hex/Erth       20%        N/A       1%          4
G - Orb of Destruction    Conj           27%        9d11      24%         7
T - Sticky Flame          Conj/Fire      57%        2d7       1%          4

Your spell library contained the following spells:

 Spells                   Type           Power      Damage    Failure   Level
 Magic Dart               Conj           100%       1d8       1%          1
 Searing Ray              Conj           100%       3d7       1%          2
 Conjure Flame            Conj/Fire      57%        6-21      1%          3
 Fulminant Prism          Conj/Hex       17%        3d11      4%          4
 Hailstorm                Conj/Ice       34%        3d9       4%          4
 Corona                   Hex            11%        N/A       9%          1
 Sting                    Tmut/Pois      40%        1d5       9%          1
 Inner Flame              Hex/Fire       26%        N/A       11%         3
 Blink                    Tloc           N/A        N/A       12%         2
 Call Imp                 Summ           10%        N/A       12%         2
 Corpse Rot               Necr/Air       N/A        N/A       12%         2
 Ensorcelled Hibernation  Hex/Ice        20%        N/A       12%         2
 Slow                     Hex            10%        N/A       12%         2
 Confusing Touch          Hex            10%        N/A       24%         3
 Frozen Ramparts          Ice            20%        1d4       24%         3
 Lesser Beckoning         Tloc           5%         N/A       24%         3
 Summon Guardian Golem    Hex/Summ       10%        N/A       24%         3
 Tukima's Dance           Hex            10%        N/A       24%         3
 Vampiric Draining        Necr           5%         2d6       24%         3
 Animate Dead             Necr           5%         N/A       63%         4
 Passage of Golubria      Tloc           N/A        N/A       63%         4
 Summon Ice Beast         Ice/Summ       10%        N/A       63%         4
 Bolt of Magma            Conj/Fire/Erth 33%        4d15      1%          5
 Fireball                 Conj/Fire      28%        3d12      6%          5
 Lightning Bolt           Conj/Air       17%        1d31      13%         5
 Conjure Ball Lightning   Conj/Air       17%        3x3d6     58%         6
 Lehudib's Crystal Spear  Conj/Erth      30%        10d8      58%         8
 Alistair's Intoxication  Tmut/Pois      6%         N/A       92%         5
 Manifold Assault         Tloc           10%        N/A       92%         5
 Metabolic Englaciation   Hex/Ice        5%         N/A       92%         5
 Yara's Violent Unravell  Hex/Tmut       5%         3d4       92%         5
 Spellforged Servitor     Conj/Summ      17%        N/A       99%         7
 Dispersal                Tloc           5%         N/A       100%        6
 Shadow Creatures         Summ           N/A        N/A       100%        6
 Simulacrum               Ice/Necr       5%         N/A       100%        6
 Haunt                    Necr/Summ      5%         N/A       100%        7
 Malign Gateway           Summ/Tloc      5%         N/A       100%        7
 Summon Hydra             Summ           5%         N/A       100%        7
 Discord                  Hex            5%         N/A       100%        8
 Disjunction              Tloc           5%         N/A       100%        8
 Infestation              Necr           5%         N/A       100%        8
 Summon Horrible Things   Summ           5%         N/A       100%        8
 Polar Vortex             Ice            5%         N/A       100%        9
 Sublimation of Blood     Necr           Unusable   N/A       N/A         2
 Wereblood                Tmut           Unusable   N/A       N/A         2
 Spider Form              Tmut/Pois      Unusable   N/A       N/A         3
 Ice Form                 Ice/Tmut       Unusable   N/A       N/A         4
 Statue Form              Tmut/Erth      Unusable   N/A       N/A         6
 Blade Hands              Tmut           Unusable   N/A       N/A         5
 Dragon Form              Tmut           Unusable   N/A       N/A         7
 Storm Form               Tmut/Air       Unusable   N/A       N/A         7

Dungeon Overview and Level Annotations

Branches:
Dungeon (15/15)            Temple (1/1) D:5            Lair (6/6) D:8
 Shoals (4/4) Lair:3       Spider (4/4) Lair:4        Slime (0/5) Lair:6
    Orc (2/2) D:12            Elf (3/3) Orc:2        Vaults (1/5) D:13
 Depths (3/5) D:15          Sewer (visited)          Bailey (visited)
  IceCv (visited)         Gauntlet (visited)

Altars:
Ashenzari
Cheibriados
Dithmenos
Elyvilon
Fedhas
Gozag
Hepliaklqana
Kikubaaqudgha
Makhleb
Nemelex Xobeh
Okawaru
Qazlal
Ru
Sif Muna
Trog
Uskayaw
Vehumet
Wu Jian
Xom
Yredelemnul
Zin
The Shining One
Jiyva

Shops:
D:3 ?   D:4 :   Orc:1 [   Orc:2 *??*!*   Elf:1 (   Elf:2 ?   Shoals:1 (
Shoals:2 [(**   Vaults:1 **::   Depths:2 =::

Portals:
Hell: Depths:1 Depths:2
Pandemonium: Depths:1 Depths:3
Trove: D:14 (give +2 fire dragon scales)

Annotations:
D:4 2 runed translucent doors, Mango's ghost, novice HuNe
D:9 Erolcha
D:15 3 runed translucent doors, Bymi's ghost, adept FoGl
Lair:2 1 runed translucent door, Caterwaul's ghost, journeyman HuFi
Orc:1 1 runed translucent door, PidgeyThePirate's ghost, journeyman MiFi
Depths:3 Mennas


Innate Abilities, Weirdness & Mutations

You thrive by killing the living.
You are immune to poison.
You have sharp fingernails.
Your flesh is cold resistant. (rC+)
You are immune to negative energy. (rN+++)
You do not regenerate when monsters are visible.
You are immune to unholy pain and torment.


Message History

* * * LOW HITPOINT WARNING * * *
x2 Unknown command.
Unknown command.
Casting: Irradiate (mildly dangerous; 13% risk of failure)
Confirm with . or Enter, or press ? or * to list all spells.
You erupt in a fountain of uncontrolled magic!
The merfolk javelineer is blasted with magical radiation!!
The merfolk javelineer is severely wounded.
The merfolk javelineer twists and deforms.
The merfolk impaler hits you from afar with a +6 trident of freezing!
* * * LOW HITPOINT WARNING * * *
The merfolk impaler freezes you.
* * * LOW HITPOINT WARNING * * *
The merfolk javelineer is engulfed in blazing flames.
The merfolk javelineer throws a silver javelin.
The silver javelin pierces through you.
* * * LOW HITPOINT WARNING * * *
x2 Unknown command.
You feel much better.
The merfolk impaler hits you from afar with a +6 trident of freezing!
* * * LOW HITPOINT WARNING * * *
The merfolk impaler freezes you.
* * * LOW HITPOINT WARNING * * *
The merfolk javelineer is engulfed in blazing flames.
The merfolk javelineer throws a silver javelin.
The silver javelin pierces through you!
* * * LOW HITPOINT WARNING * * *
x2 The merfolk impaler is distracted by your dazzling golden aura.
You feel much better.
The merfolk impaler is no longer distracted by gold.
The merfolk impaler hits you from afar with a +6 trident of freezing!!
* * * LOW HITPOINT WARNING * * *
The merfolk impaler freezes you.
* * * LOW HITPOINT WARNING * * *
The merfolk javelineer is engulfed in blazing flames.
You kill the merfolk javelineer!
You feel much better.
The merfolk impaler hits you from afar with a +6 trident of freezing!!
You die...
Your body crumbles into a pile of gold.

≈≈≈≈≈≈.≈≈≈≈.....
≈≈≈≈≈≈≈≈≈≈≈≈......####
≈≈≈≈≈)≈≈≈≈≈≈≈≈≈≈..≈≈≈##≈
≈≈≈≈≈)≈≈≈≈≈≈.≈≈.........
≈≈≈≈≈≈≈≈≈≈≈≈..≈≈≈≈≈.....
.≈≈≈≈≈≈≈≈≈≈≈≈≈≈≈≈≈≈.....
..≈≈≈≈≈≈≈≈≈≈≈≈≈§≈≈≈≈....
.....≈≈≈≈≈≈≈≈≈≈☼○○≈≈....
.#≈.≈###≈≈≈≈≈≈≈°@°§≈....
.##### #≈$≈≈≈≈≈§☼○≈≈....
## ##..≈≈≈≈≈≈≈m≈.... #
cm #≈.)≈≈≈≈≈≈≈≈.... . m#
##...≈≈≈≈≈≈≈≈≈.. # ≈. .≈
#≈....≈≈≈≈≈≈≈≈≈≈ # #.#m
#.....≈≈≈≈≈≈≈≈≈≈ #
.≈...##.....≈≈≈≈≈≈≈≈≈ ##
.≈≈..##.$..≈≈≈≈≈≈≈≈≈≈


You could see a merfolk impaler.

Vanquished Creatures
  2 deep elf master archers (Elf:3)
  3 deep elf blademasters
  Polyphemus (Shoals:3)
  A kraken (Shoals:3)
  A daeva (Depths:2)
  Donald (Spider:3)
  Ilsuiw (Shoals:3)
  Roxanne (Shoals:1)
  2 fire giants
  11 deep elf sorcerers
  2 frost giants
  4 ghost moths
  3 vault wardens (Vaults:1)
  2 balrugs
  An orc warlord (Vaults:1)
  7 ironbound preservers
  3 deep elf elementalists (Elf:3)
  8 emperor scorpions
  5 stone giants
  A reaper (Depths:1)
  A quicksilver ooze (Gauntlet)
  A vampire knight (D:15)
  5 very ugly things
  The ghost of MagicHien the Convoker, a journeyman DsSu of Hepliaklqana (Orc:2)
  6 deep elf demonologists
  9 deep elf annihilators
  2 entropy weavers
  3 merfolk javelineers
  5 spark wasps
  4 ettins
  3 fire dragons
  Josephine (D:11)
  5 merfolk impalers
  3 deep elf death magi
  A yaktaur captain (Vaults:1)
  2 rakshasas
  4 deep elf high priests
  An ironbound thunderhulk (Vaults:1)
  4 vault guards (D:13)
  3 boulder beetles
  12 hydras
  2 alligator snapping turtles
  5 ironbound frosthearts (Vaults:1)
  An ice dragon (IceCv)
  4 centaur warriors
  An ogre mage (D:15)
  A merfolk aquamancer (Shoals:4)
  6 two-headed ogres
  3 catoblepae
  4 tengu warriors
  A merfolk avatar (Shoals:4)
  14 death yaks
  A vampire mage (Depths:1)
  3 deep troll shamans
  8 death scarabs (Spider:4)
  A deep troll earth mage (Depths:2)
  2 soul eaters (Depths:1)
  19 deep elf knights
  5 hell knights
  4 sun demons
  3 iron trolls (Depths:2)
  A salamander mystic (Depths:1)
  23 deep trolls
  3 skeletal warriors (D:11)
  3 sea snakes
  A gelid demonspawn (Depths:1)
  2 glowing orange brains
  A torturous demonspawn (D:15)
  3 wizards
  4 spectral wolf spiders (Spider:4)
  2 necromancers
  13 harpies
  8 deep elf archers
  23 deep elf zephyrmancers
  29 wolf spiders
  29 ugly things
  2 phantasmal warriors (D:15)
  22 deep elf pyromancers
  Pikel (D:6)
  5 ironbound convokers (Vaults:1)
  A wolf spider zombie (Spider:4)
  10 orc knights
  2 orc sorcerers
  3 oklob plants (Lair:2)
  18 orb spiders
  3 cyclopes
  8 manticores
  9 fauns
  A moth of wrath (shapeshifter) (Depths:2)
  3 salamanders (Depths:1)
  3 moths of wrath
  25 elephants
  2 ice statues (IceCv)
  6 merfolk sirens
  9 black mambas
  2 vault sentinels (Vaults:1)
  Maurice (D:12)
  5 water nymphs
  5 cane toads
  2 torpor snails
  A smoke demon (Depths:2)
  2 gargoyles (D:12)
  2 spectral redbacks (Spider:4)
  An unseen horror (D:12)
  A kobold demonologist (D:11)
  10 rime drakes
  2 yaktaurs (Vaults:1)
  A yaktaur (shapeshifter) (Depths:2)
  4 komodo dragons
  Psyche (D:11)
  3 tengu conjurers
  2 redback zombies (Spider:4)
  2 efreet (D:13)
  An unseen horror (shapeshifter) (D:13)
  A red devil (Depths:1)
  2 ice devils (D:11)
  A hellwing (Depths:1)
  7 trolls
  14 demonic crawlers
  26 merfolk
  5 polar bears
  47 jumping spiders
  3 wind drakes
  2 tarantella zombies (Spider:4)
  3 spectral tarantellas
  6 hornets
  26 blink frogs
  3 spectral jumping spiders (Spider:4)
  A raiju (Gauntlet)
  8 snapping turtles
  4 dream sheep
  10 slime creatures
  A jumping spider zombie (Spider:4)
  An air elemental (Elf:3)
  33 tarantellas
  2 centaur simulacra (Gauntlet)
  80 redbacks
  A shadow (D:11)
  10 water elementals
  2 wyverns
  8 basilisks
  51 yaks
  4 wraiths
  2 fire elementals
  3 steam dragons
  2 vampire mosquitoes
  2 wargs
  A hydra simulacrum (Gauntlet)
  An acid dragon (D:10)
  A spectral hornet (Spider:4)
  13 water moccasins
  Duvessa (D:7)
  2 black bears
  2 sky beasts
  An ice beast (D:5)
  36 orc warriors
  A hornet zombie (Spider:4)
  A necrophage (D:6)
  25 centaurs
  20 wolves
  5 ogres
  4 lemures (D:6)
  4 kobold brigands
  12 bullfrogs
  3 scorpions
  2 earth elementals (Elf:2)
  Dowan (D:7)
  A lindwurm simulacrum (IceCv)
  5 killer bees
  12 wights
  4 howler monkeys
  2 vampire bats
  An electric eel (Spider:3)
  3 centaur zombies
  11 komodo dragon simulacra (IceCv)
  4 hounds
  12 jellies
  A bullfrog skeleton (D:5)
  13 orc priests
  Crazy Yiuf (D:3)
  Natasha (thrice) (D:3)
  2 iguanas (D:6)
  14 orc wizards
  3 polar bear simulacra (D:10)
  A yak simulacrum (D:10)
  5 wolf simulacra (D:10)
  A killer bee zombie (D:9)
  A hound skeleton (D:4)
  A howler monkey zombie (D:8)
  22 gnolls
  5 acid dragon simulacra (IceCv)
  7 adders
  2 river rats (D:6)
  4 steam dragon simulacra (IceCv)
  An adder skeleton (D:2)
  An adder zombie (D:2)
  4 worms
  66 orcs
  A bat skeleton (D:2)
  7 endoplasms
  7 giant cockroaches
  9 goblins
  18 hobgoblins
  2 jackals (Sewer)
  5 quokkas
  8 ball pythons
  2 ball python zombies (D:2)
  12 bats
  7 frilled lizards
  A jackal skeleton (D:2)
  39 kobolds
  10 rats
  2 river rat simulacra (D:10)
  2 tentacles (Shoals:3)
1402 creatures vanquished.

Vanquished Creatures (collateral kills)
  Mara (Elf:3)
  A vault warden (Vaults:1)
  A minotaur (Lair:3)
  22 foxfires
25 creatures vanquished.

Vanquished Creatures (others)
  27 dancing weapons
  A death yak (Shoals:3)
  A deep elf zephyrmancer (Elf:1)
  A deep elf pyromancer (Elf:1)
  An orc sorcerer (Orc:2)
  A hornet (Spider:4)
  A centaur (Orc:2)
  An orc (Orc:2)
  1764 foxfires
  42 fungi
  236 plants
  6 tentacles (Shoals:3)
2082 creatures vanquished.

Grand Total: 3509 creatures vanquished

Notes
Turn   | Place    | Note
-------+----------+-------------------------------------------
     0 | D:1      | Meow the Ghoul Fire Elementalist began the quest for the
                  | Orb.
     0 | D:1      | Reached XP level 1. HP: 14/14 MP: 2/2
   270 | D:1      | Reached skill level 1 in Conjurations
   338 | D:1      | Reached XP level 2. HP: 10/20 MP: 0/4
  1128 | D:2      | Reached XP level 3. HP: 26/26 MP: 1/5
  1564 | D:2      | Found a faded altar of an unknown god.
  2283 | D:2      | Learned a level 3 spell: Conjure Flame
  2359 | D:2      | Found a sparkling altar of Nemelex Xobeh.
  2368 | D:2      | Reached XP level 4. HP: 33/33 MP: 4/6
  2854 | D:3      | Reached XP level 5. HP: 38/38 MP: 0/8
  3097 | D:3      | Noticed Natasha
  3102 | D:3      | Killed Natasha
  3113 | D:3      | Noticed Natasha
  3126 | D:3      | Killed Natasha
  3311 | D:3      | Noticed Natasha
  3315 | D:3      | Killed Natasha
  3327 | D:3      | Found Zessegri's Magic Scroll Emporium.
  3382 | D:3      | Bought a scroll of teleportation for 42 gold pieces
  3382 | D:3      | Bought a scroll of identify for 28 gold pieces
  3382 | D:3      | Bought a scroll of identify for 28 gold pieces
  3441 | D:3      | Reached XP level 6. HP: 44/45 MP: 1/9
  3572 | D:3      | Found a runed translucent door.
  3573 | D:3      | Noticed Crazy Yiuf
  3726 | D:3      | Learned a level 4 spell: Sticky Flame
  3852 | D:4      | Found a runed translucent door.
  3946 | D:4      | Noticed Mango's ghost (novice HuNe)
  4402 | D:4      | Identified the +4 scale mail "Edusel" {+Inv rN+}
  4670 | D:4      | Found Cuseqaf's Self-Improvement Boutique.
  4714 | D:4      | Found a radiant altar of Vehumet.
  4717 | D:4      | Found a shimmering altar of Xom.
  4717 | D:4      | Found an ornate altar of the Wu Jian Council.
  4719 | D:4      | Found a shimmering altar of Xom.
  4719 | D:4      | Found an ornate altar of the Wu Jian Council.
  4719 | D:4      | Found a shimmering blue altar of Sif Muna.
  4864 | D:4      | Found a runed translucent door.
  4917 | D:5      | Entered Level 5 of the Dungeon
  5464 | D:5      | Noticed an ice beast
  5473 | D:5      | Reached XP level 7. HP: 50/50 MP: 4/11
  5744 | D:5      | Found a staircase to the Ecumenical Temple.
  5886 | Temple   | Entered the Ecumenical Temple
  6089 | Temple   | Became a worshipper of Gozag Ym Sagoz the Greedy
  6453 | D:3      | Killed Crazy Yiuf
  6693 | D:6      | Found the +2 shield of Resistance {rF++ rC++ Will++}
  6880 | D:6      | Reached skill level 5 in Conjurations
  6903 | D:6      | Reached XP level 8. HP: 57/57 MP: 6/13
  7121 | D:6      | Found a glowing drain.
  7128 | Sewer    | Entered a sewer
  7478 | D:6      | Noticed Pikel
  8069 | D:6      | Identified the +12 dagger of Gejol {vorpal, Will+}
  8202 | D:6      | Killed Pikel
  8203 | D:6      | Reached XP level 9. HP: 68/68 MP: 10/14
  8594 | D:7      | Noticed Duvessa
  8594 | D:7      | Noticed Dowan
  8957 | D:7      | Killed Dowan
  9343 | D:8      | Noticed a komodo dragon
  9355 | D:7      | Killed a komodo dragon
  9356 | D:7      | Reached skill level 5 in Spellcasting
  9490 | D:7      | Noticed a troll
  9587 | D:7      | Killed a troll
  9588 | D:7      | Reached skill level 5 in Fighting
  9719 | D:7      | You fall into a shaft and drop 3 floors!
  9719 | D:10     | Entered Level 10 of the Dungeon
  9719 | D:10     | Noticed a troll
  9754 | D:9      | Found a flagged portal.
  9781 | Bailey   | Entered a bailey
  9881 | Bailey   | Noticed an orc knight
  9908 | Bailey   | Reached XP level 10. HP: 81/81 MP: 17/17
  9996 | Bailey   | Killed an orc knight
 10308 | D:9      | Noticed Erolcha
 10931 | D:9      | Noticed a two-headed ogre
 10943 | D:9      | Killed a two-headed ogre
 11146 | D:8      | Learned a level 5 spell: Fireball
 11414 | D:8      | Found a staircase to the Lair.
 11721 | D:8      | Learned a level 3 spell: Ozocubu's Armour
 12601 | D:3      | Bought a scroll of identify for 28 gold pieces
 12601 | D:3      | Bought a scroll of identify for 28 gold pieces
 12601 | D:3      | Bought a scroll of blinking for 105 gold pieces
 12601 | D:3      | Bought a scroll of identify for 28 gold pieces
 12601 | D:3      | Bought a scroll of blinking for 105 gold pieces
 12601 | D:3      | Bought a scroll of magic mapping for 49 gold pieces
 12791 | Lair:1   | Entered Level 1 of the Lair of Beasts
 13034 | Lair:1   | Reached XP level 11. HP: 95/95 MP: 15/20
 13038 | Lair:1   | Noticed an eight-headed hydra
 13052 | Lair:1   | Killed an eight-headed hydra
 13328 | Lair:1   | Reached skill level 10 in Conjurations
 14051 | Lair:2   | Noticed an oklob plant
 14059 | Lair:2   | Reached skill level 10 in Fighting
 15301 | Lair:2   | Found a runed translucent door.
 15302 | Lair:2   | Found a shimmering altar of Xom.
 15302 | Lair:2   | Noticed Caterwaul's ghost (journeyman HuFi)
 15303 | Lair:2   | Noticed a +2 great mace of chaos
 15549 | Lair:2   | Killed an oklob plant
 15652 | Lair:2   | Noticed an oklob plant
 15671 | Lair:2   | Noticed an oklob plant
 15847 | Lair:2   | Killed an oklob plant
 15848 | Lair:2   | Reached XP level 12. HP: 112/112 MP: 0/23
 16073 | Lair:2   | Learned a level 5 spell: Bolt of Magma
 16322 | D:4      | Bought a manual of Shields for 1120 gold pieces
 16459 | Lair:3   | Noticed a death yak
 16459 | Lair:3   | Noticed a death yak
 16459 | Lair:3   | Noticed a death yak
 16459 | Lair:3   | Noticed a death yak
 16459 | Lair:3   | Noticed a death yak
 16483 | Lair:2   | Killed a death yak
 16544 | Lair:3   | Noticed a death yak
 16545 | Lair:3   | Noticed a death yak
 16581 | Lair:3   | Found a staircase to the Shoals.
 16665 | Lair:3   | Reached skill level 5 in Shields
 16693 | Lair:3   | Found a gate leading to a gauntlet.
 16702 | Gauntlet | Entered a Gauntlet
 16702 | Gauntlet | Found a large runed translucent door.
 16702 | Gauntlet | Found a large runed translucent door.
 16702 | Gauntlet | Found a large runed translucent door.
 16702 | Gauntlet | Found a large runed translucent door.
 16702 | Gauntlet | Found a runed translucent door.
 16702 | Gauntlet | Found a large runed translucent door.
 16702 | Gauntlet | Found a large runed translucent door.
 16702 | Gauntlet | Found a transporter.
 16702 | Gauntlet | Found a transporter.
 16702 | Gauntlet | Found a large runed translucent door.
 16702 | Gauntlet | Found a large runed translucent door.
 16702 | Gauntlet | Found a runed translucent gate.
 16702 | Gauntlet | Found a runed translucent gate.
 16702 | Gauntlet | Found a transporter.
 16706 | Gauntlet | Found a transporter.
 16706 | Gauntlet | Found a transporter.
 16706 | Gauntlet | Found a transporter.
 16708 | Gauntlet | Found a runed translucent gate.
 16708 | Gauntlet | Found a runed translucent door.
 16711 | Gauntlet | Found a large runed translucent door.
 16711 | Gauntlet | Found a large runed translucent door.
 16720 | Gauntlet | Found a transporter.
 16721 | Gauntlet | Found a transporter.
 16723 | Gauntlet | Noticed a thrashing horror
 16730 | Gauntlet | Found a transporter.
 16734 | Gauntlet | Noticed a quicksilver ooze
 16738 | Gauntlet | Found a transporter.
 16755 | Gauntlet | Found a transporter.
 16759 | Gauntlet | Found a transporter.
 16804 | Gauntlet | Found a large runed translucent door.
 16804 | Gauntlet | Found a large runed translucent door.
 16805 | Gauntlet | Found a large runed translucent door.
 16805 | Gauntlet | Found a large runed translucent door.
 16806 | Gauntlet | Found a large runed translucent door.
 16806 | Gauntlet | Found a large runed translucent door.
 16914 | Gauntlet | Reached XP level 13. HP: 118/118 MP: 24/24
 16920 | Gauntlet | Reached XP level 14. HP: 126/126 MP: 25/25
 17018 | Gauntlet | Identified the ring "Guwuvuck" {rPois Slay+4}
 17084 | Gauntlet | Killed a quicksilver ooze
 17092 | Gauntlet | Identified the ring of Resusch {rPois Str+2}
 17210 | Gauntlet | Identified the +9 hand axe of Defiance {speed, Str+3}
 17919 | Lair:4   | You fall into a shaft and drop 2 floors!
 17919 | Lair:6   | Entered Level 6 of the Lair of Beasts
 18107 | Lair:5   | Identified the +8 hand axe "Newtbane" {pain, rPois rC+
                  | Int+4 Dex-4}
 18162 | Lair:5   | Reached skill level 1 in Axes
 18556 | Lair:4   | Found a hole to the Spider Nest.
 19206 | D:7      | Killed Duvessa
 19392 | D:9      | Learned a level 3 spell: Mephitic Cloud
 19729 | D:10     | Learned a level 4 spell: Iskenderun's Mystic Blast
 20124 | D:11     | Noticed Psyche
 20132 | D:11     | Killed Psyche
 20137 | D:11     | Noticed Josephine
 20149 | D:11     | Killed Josephine
 20216 | D:11     | Found a frozen archway.
 20301 | IceCv    | Entered an ice cave
 21376 | D:4      | Bought a manual of Shields for 1120 gold pieces
 21580 | D:11     | Reached XP level 15. HP: 100/138 MP: 26/26
 22461 | D:11     | Identified the +1 buckler of the Viny Slorg {Harm}
 23280 | D:12     | Found a staircase to the Orcish Mines.
 23281 | D:12     | Noticed Maurice
 23297 | D:12     | Killed Maurice
 23397 | D:12     | Reached skill level 5 in Axes
 24162 | D:4      | Bought a manual of Earth Magic for 1120 gold pieces
 24170 | D:4      | Learned a level 5 spell: Lee's Rapid Deconstruction
 24378 | Orc:1    | Entered Level 1 of the Orcish Mines
 24497 | Orc:1    | Reached skill level 1 in Earth Magic
 24557 | Orc:1    | Found Zuroren's Antique Armour Boutique.
 24652 | Orc:1    | Found a runed translucent door.
 24665 | Orc:1    | Noticed PidgeyThePirate's ghost (journeyman MiFi)
 24970 | Orc:2    | Entered Level 2 of the Orcish Mines
 25118 | Orc:2    | Reached skill level 15 in Shields
 26203 | Orc:2    | Found a runed translucent gate.
 26204 | Orc:2    | Found a runed translucent gate.
 26204 | Orc:2    | Found an opulent altar of Gozag.
 26207 | Orc:2    | Found a runed translucent gate.
 26236 | Orc:2    | Found Fuka Xai's Assorted Antiques.
 26237 | Orc:2    | Noticed MagicHien's ghost (journeyman DsSu)
 26423 | Orc:2    | Found Fecsikk's Magic Scroll Emporium.
 26431 | Orc:2    | Bought a scroll of fog for 28 gold pieces
 26431 | Orc:2    | Bought a scroll of summoning for 133 gold pieces
 26431 | Orc:2    | Bought a scroll of teleportation for 42 gold pieces
 26431 | Orc:2    | Bought a scroll of identify for 28 gold pieces
 26431 | Orc:2    | Bought a scroll of identify for 28 gold pieces
 26514 | Orc:2    | Found a staircase to the Elven Halls.
 26542 | Orc:2    | Found Riosmiudgh's Distillery.
 26542 | Orc:2    | Found Sutag's Assorted Antiques.
 26544 | Orc:2    | Found Yhobres's Magic Scroll Shop.
 26546 | Orc:2    | Found Xugysita's Assorted Antiques.
 26550 | Orc:2    | Bought a potion of heal wounds for 75 gold pieces
 26550 | Orc:2    | Bought a potion of heal wounds for 75 gold pieces
 26550 | Orc:2    | Bought a potion of magic for 120 gold pieces
 26550 | Orc:2    | Bought a potion of haste for 150 gold pieces
 26557 | Orc:2    | Bought a topaz-encrusted leather armour for 217 gold pieces
 26557 | Orc:2    | Identified the +6 leather armour of Protective Custody
                  | {Str+3 Dex+4} (You bought it in a shop on level 2 of the
                  | Orcish Mines)
 26571 | Orc:2    | Bought a scroll of teleportation for 48 gold pieces
 26576 | Orc:2    | Bought a scroll of teleportation for 96 gold pieces
 26576 | Orc:2    | Bought 2 potions of curing for 192 gold pieces
 26874 | Orc:2    | Killed MagicHien's ghost
 27555 | Lair:5   | Reached skill level 5 in Earth Magic
 29095 | Lair:6   | Reached XP level 16. HP: 127/146 MP: 13/28
 29186 | Lair:6   | Found a staircase to the Slime Pits.
 29839 | Lair:6   | Reached skill level 10 in Spellcasting
 30054 | Lair:6   | Reached skill level 10 in Earth Magic
 30165 | Lair:6   | Identified the +10 morningstar "Mowkicepp" {drain, rC+}
 31957 | D:13     | Found a gate to the Vaults.
 32770 | D:14     | Found a blossoming altar of Fedhas.
 32818 | D:14     | Reached skill level 10 in Axes
 33020 | D:14     | Found a portal to a secret trove of treasure.
 33242 | D:15     | Entered Level 15 of the Dungeon
 33392 | D:15     | Reached XP level 17. HP: 152/152 MP: 30/30
 34048 | D:15     | Found a staircase to the Depths.
 34158 | D:15     | Found a broken altar of Ashenzari.
 34204 | D:15     | Found a runed translucent gate.
 34204 | D:15     | Found a runed translucent gate.
 34204 | D:15     | Found a runed translucent gate.
 34302 | D:15     | Noticed Bymi's ghost (adept FoGl)
 34306 | D:15     | Found a viscous altar of Jiyva.
 34351 | Depths:1 | Entered Level 1 of the Depths
 35224 | Spider:1 | Entered Level 1 of the Spider Nest
 37454 | Spider:2 | Learned a level 4 spell: Leda's Liquefaction
 37474 | Spider:3 | Reached skill level 15 in Fighting
 38262 | Orc:1    | Bought the +0 pair of fencer's gloves {Riposte Dex+3} for
                  | 1200 gold pieces
 38262 | Orc:1    | Found the +0 pair of fencer's gloves {Riposte Dex+3}
 38939 | Spider:3 | Reached XP level 18. HP: 163/163 MP: 28/31
 39215 | Spider:3 | Noticed Donald
 39816 | Spider:3 | Killed Donald
 40056 | Spider:4 | Entered Level 4 of the Spider Nest
 41542 | Elf:1    | Entered Level 1 of the Elven Halls
 41561 | Elf:1    | Reached skill level 15 in Earth Magic
 41571 | Elf:1    | Found a radiant altar of Vehumet.
 41842 | Elf:1    | Found Axtam's Weapon Shoppe.
 42776 | Elf:1    | Got the Handbook of the Cockatrice
 42786 | Elf:1    | Learned a level 6 spell: Iron Shot
 43126 | Elf:2    | Reached XP level 19. HP: 172/172 MP: 27/32
 43416 | Elf:2    | Found a runed translucent gate.
 43417 | Elf:2    | Found a runed translucent gate.
 43418 | Elf:2    | Found a runed translucent gate.
 43544 | Elf:2    | Found Viontazu's Magic Scroll Boutique.
 43675 | Elf:2    | Bought a scroll of teleportation for 51 gold pieces
 43675 | Elf:2    | Bought a scroll of teleportation for 51 gold pieces
 43675 | Elf:2    | Bought a scroll of enchant weapon for 127 gold pieces
 43675 | Elf:2    | Bought a scroll of enchant weapon for 127 gold pieces
 44342 | Elf:2    | Reached skill level 15 in Axes
 44985 | Elf:3    | Entered Level 3 of the Elven Halls
 45013 | Elf:3    | Noticed Mara
 45975 | Elf:3    | Identified the ring of Wewez {*Slow rN+ Int+6 Dex+3 Slay+3
                  | Stlth+}
 46397 | Elf:3    | Noticed Meow's illusion
 46473 | Elf:3    | Noticed Meow's illusion
 46872 | Elf:3    | Identified the +1 morningstar "Oceduiruapo" {speed, Drain
                  | SInv Stlth+}
 46884 | Elf:3    | Identified the +6 trident of Neurosis {vorpal, rCorr SInv}
 47233 | Elf:3    | Noticed Meow's illusion
 47396 | Elf:3    | Reached XP level 20. HP: 169/180 MP: 33/33
 47965 | Elf:3    | Identified the +6 longbow "Kaevvy" {speed, rPois MP+9}
 47979 | Elf:3    | Identified the +10 hunting sling of Amorality {venom,
                  | Stlth+}
 47988 | Elf:3    | Got the Papyrus of Poison and Lightness
 48023 | Elf:3    | Killed Mara
 48246 | Elf:3    | Identified the +7 arbalest of Profit {penet, Dex+3}
 51220 | Spider:4 | Got a gossamer rune of Zot
 51579 | Vaults:1 | Entered Level 1 of the Vaults
 52279 | Vaults:1 | Found Ruenn's Book Emporium.
 52294 | Vaults:1 | Bought a book of Transfigurations for 560 gold pieces
 52334 | Vaults:1 | Bought a manual of Dodging for 1520 gold pieces
 52558 | Vaults:1 | Learned a level 5 spell: Irradiate
 52966 | Vaults:1 | Reached XP level 21. HP: 66/191 MP: 2/34
 54806 | Depths:1 | Found a one-way gate leading to the halls of Pandemonium.
 54961 | Depths:1 | Found a sacrificial altar of Ru.
 55153 | Depths:1 | Identified the +4 broad axe of the Warrior-Mage {flame,
                  | Int+6}
 55259 | Depths:1 | Found a gateway to Hell.
 56807 | Depths:2 | Found Hym Fas's Jewellery Shoppe.
 56807 | Depths:2 | Found Yveyl's Book Shop.
 56808 | Depths:2 | Found Uqiaheg's Book Shop.
 57019 | Depths:2 | Got Sif Muna's Almanac of Frigorific Moulding
 57477 | Depths:3 | Noticed Mennas
 57487 | Depths:3 | Found a flickering gateway to a bazaar.
 57496 | Bazaar   | Entered a bazaar
 57502 | Bazaar   | Found Byboank's Book Shoppe.
 57514 | Bazaar   | Found Seasen's Antique Weapon Emporium.
 57546 | Bazaar   | Found Casaos's Book Shop.
 57553 | Bazaar   | Found Naunwax's General Store.
 57562 | Bazaar   | Bought the +3 salamander hide armour {Flames rF++ rC--} for
                  | 517 gold pieces
 57562 | Bazaar   | Bought a potion of heal wounds for 75 gold pieces
 57562 | Bazaar   | Found the +3 salamander hide armour {Flames rF++ rC--}
 57588 | Bazaar   | Bought a book of Dangerous Friends for 760 gold pieces
 57597 | Bazaar   | Learned a level 7 spell: Orb of Destruction
 57988 | Shoals:1 | Entered Level 1 of the Shoals
 57988 | Shoals:1 | Found Anwucack's Weapon Boutique.
 58043 | Shoals:1 | You fall into a shaft and drop 1 floor!
 58043 | Shoals:2 | Found a blossoming altar of Fedhas.
 58474 | Shoals:1 | Noticed Roxanne
 58496 | Shoals:1 | Killed Roxanne
 59105 | Shoals:2 | Reached XP level 22. HP: 202/202 MP: 36/36
 59227 | Shoals:2 | Found Esmaifur's Visitors' Centre.
 59229 | Shoals:2 | Found Esmaifur's Merfolk Magic.
 59233 | Shoals:2 | Found Esmaifur's Merfolk Weapons.
 59255 | Shoals:2 | Bought a scroll of teleportation for 300 gold pieces
 59783 | Shoals:3 | Noticed Ilsuiw
 59791 | Shoals:3 | Killed Ilsuiw
 59890 | Shoals:3 | Noticed Polyphemus
 59912 | Shoals:3 | Killed Polyphemus
 60239 | Shoals:4 | Entered Level 4 of the Shoals
 60620 | Shoals:4 | HP: 8/202 [merfolk impaler (22)]
 60621 | Shoals:4 | Slain by a merfolk impaler

Illustrated notes

Levels and vault maps discovered:
D:1:      scummos_arrival_forest, layout_loops_ring, serial_aquarium,
          aquarium_bridge_straight [aquarium_subvault_bridge,
          aquarium_subvault_wall, aquarium_subvault_bridge,
          aquarium_subvault_wall], aquarium_window_1, aquarium_window_fake,
          aquarium_view_2d, aquarium_view_2e, aquarium_pool_2
D:2:      layout_loops_corners, basic_altar, serial_undead, serial_undead_d,
          serial_undead_f, serial_undead_a, serial_undead_e,
          ebering_ecumenical_altar_box
D:3:      layout_rooms, serial_shops, shop_scrolls, uniq_crazy_yiuf_cottage,
          uniq_natasha
D:4:      layout_layer_cave, doesnt_xom_only_xom, ebering_ghost_sewer_f,
          grunt_decor_arrowhead, nicolae_shop_self_help
D:5:      layout_basic, lemuel_temple_firewalk_a
D:6:      layout_loops_ring, lightli_sewer_entry_pipes,
          hangedman_decor_clover_reticule, uniq_pikel
D:7:      layout_loops_ring, minmay_splitting_lines, minmay_misc_feat_ornament,
          kennysheep_generic_room_11, uniq_duvessa
D:8:      layout_gridville, david_lair_shrubbed, minivault_21
D:9:      layout_irregular_city, enter_bailey_5, nicolae_two_hexagons,
          uniq_erolcha
D:10:     layout_rooms, minmay_fountain_box, grunt_ministairs_12, minivault_23,
          eino_house_with_fridge
D:11:     layout_stronghold, portal_ice_cave_demonic_guard, uniq_josephine,
          uniq_psyche
D:12:     layout_basic, david_orc_1_choice, minmay_fractal_squares_5,
          uniq_maurice
D:13:     layout_loops_ring, lightli_vaults_fourway_checkpoint
D:14:     layout_irregular_city, enter_trove_0, fedhas_altar_3
D:15:     grunt_enter_depths_snipers, layout_cave_pools, gammafunk_ghost_ooze,
          nicolae_ashenzari_panopticon
Temple:   minmay_crystal_snake_temple
Lair:1:   layout_long_grid, lemuel_fruit_tree, serial_bayou_shore_a
Lair:2:   layout_gridlike, ebering_ghost_xom, chequers_serial_rivers_small_a,
          infiniplex_staircase_pool_2, minmay_lair_oklob_chamber
Lair:3:   layout_cave_pods, minmay_shoals_entry_centaurs, gauntlet_entry_generic
Lair:4:   layout_cellular_growth, dummy_spider_entry, grunt_megastairs_4
Lair:5:   layout_layer_cave, chequers_serial_rivers_room_b,
          chequers_serial_rivers_marsh
Lair:6:   grunt_lair_end_beastmaster, layout_cave_pods,
          minmay_slime_entry_jelly_boxes
Shoals:1: layout_shoals, serial_shops, shop, nicolae_shoals_sun_and_surf,
          uniq_roxanne
Shoals:2: nicolae_shoals_mermall, layout_shoals,
          nicolae_shoals_lost_giant_baths, lemuel_centaur_altar
Shoals:3: layout_shoals, uniq_polyphemus, uniq_ilsuiw
Shoals:4: shoals_end_grunt_ice, layout_shoals
Spider:1: layout_spider_delve
Spider:2: layout_spider_delve
Spider:3: layout_spider_delve, uniq_donald
Spider:4: floodkiller_spider_rune_tomb, drop_trap
Orc:1:    layout_caves, ebering_ghost_reflecting_pool, serial_shops,
          nicolae_shop_waterfront
Orc:2:    st_orc_rangers, layout_caves, serial_shops, shop, ebering_ghost_gozag,
          roderic_batcave
Elf:1:    eino_elf_arrival_altar, layout_gridlike, serial_shops,
          nicolae_shop_temple_entry_statues_fountains, minmay_elf_sorcery
Elf:2:    layout_rooms, serial_shops, nicolae_lakefront_shop
Elf:3:    minmay_elf_hall_quartered_circle, layout_rooms, uniq_mara
Vaults:1: nicolae_vaults_little_squares_1, nicolae_vaults_network_quinsquares
          [nicolae_vaults_network_quincunx_subvault,
          nicolae_vaults_network_quincunx_subvault,
          nicolae_vaults_network_quincunx_subvault,
          nicolae_vaults_network_quincunx_subvault],
          vaults_room_grunt_arrival_ludios, v_misc_24, hangedman_vaults_locks,
          nicolae_vaults_little_squares_6, nicolae_vaults_little_ls,
          ontoclasm_vaults_claustrophobia, grunt_vaults_hallway_short,
          v_rooms_4, ontoclasm_vaults_pinch, layout_vaults_ring, serial_shops,
          shop
Depths:1: layout_cave_pools, hellmouth_1, zin_angel, rand_demon_pan_entry_3,
          nicolae_ru_great_annihilating_truth
Depths:2: abrahamwl_protected_by_tso_3, layout_basic, minmay_misc_feat_x,
          lightli_too_deep, infiniplex_staircase_pillars_1, minmay_shop_grove
Depths:3: minmay_the_grid_octo_triangle [minmay_the_grid_octo_clover,
          minmay_the_grid_octo_prize_big_c,
          minmay_the_grid_octo_vomiting_pacman], layout_cave_pools,
          pf_coc_iceberg, pan_entry, abyss_entry_flame_altar,
          hangedman_decor_growths, serial_shops, bzr_entry_water, uniq_mennas

Skill      XL: |  1  2  3  4  5  6  7  8  9 10 11 12 13 14 15 16 17 18 19 20 21 22 |
---------------+-------------------------------------------------------------------+-----
Conjurations   | 1 2 3 5 8 9 10 11 12 13 | 13.8
Spellcasting   | 2 3 4 5 6 8 9 10 11 12 | 12.5
Fire Magic     | 3 4 |  4.0
Fighting       | 2 5 8 12 14 15 16 17 18 | 18.0
Shields        | 11 13 15 | 15.0
Axes           | 4 6 10 13 14 16 17 18 | 18.0
Earth Magic    | 7 12 13 16 17 18 | 18.1
Dodging        | |  1.7
Stealth        | |  2.1

Action                   |  1- 3 |  4- 6 |  7- 9 | 10-12 | 13-15 | 16-18 | 19-21 | 22-24 || total
-------------------------+-------+-------+-------+-------+-------+-------+-------+-------++-------
Melee: Unarmed           |     5 |       |       |       |       |       |       |       ||     5
       Quarterstaff      |       |       |    72 |       |       |       |       |       ||    72
       Dagger            |       |       |    37 |   188 |    42 |       |       |       ||   267
       Staff             |       |       |     2 |       |       |       |       |       ||     2
       Hand axe          |       |       |       |       |   687 |       |       |       ||   687
       Broad axe         |       |       |       |       |   172 |  1214 |   925 |   129 ||  2440
 Fire: Hunting sling     |    11 |    39 |       |       |       |       |       |       ||    50
 Cast: Foxfire           |    85 |   117 |   208 |   295 |   257 |    81 |     2 |       ||  1045
       Sticky Flame      |       |       |    11 |    49 |   188 |   114 |    28 |       ||   390
       Fireball          |       |       |       |     2 |     5 |     2 |       |       ||     9
       Ozocubu's Armour  |       |       |       |       |     2 |       |       |       ||     2
       Bolt of Magma     |       |       |       |       |     8 |   112 |       |       ||   120
       Lee's Rapid Decon |       |       |       |       |     2 |    45 |       |       ||    47
       Mephitic Cloud    |       |       |       |       |     2 |       |       |       ||     2
       Leda's Liquefacti |       |       |       |       |       |     5 |       |       ||     5
       Iron Shot         |       |       |       |       |       |     6 |   259 |    14 ||   279
       Irradiate         |       |       |       |       |       |       |    58 |    12 ||    70
       Orb of Destructio |       |       |       |       |       |       |       |     2 ||     2
Invok: Call Merchant     |       |       |       |       |       |       |     3 |       ||     3
Evoke: Wand              |       |       |     2 |       |     2 |     6 |     3 |       ||    13
       Phantom mirror    |       |       |       |       |     2 |     4 |     3 |       ||     9
       Condenser vane    |       |       |       |       |       |       |     2 |       ||     2
  Use: Scroll            |       |     5 |     6 |     5 |    17 |    11 |    22 |       ||    66
       Potion            |       |       |       |     2 |     9 |    10 |     2 |     3 ||    26
 Stab: Sleeping          |       |       |     5 |     3 |       |     5 |     2 |       ||    15
       Distracted        |       |       |     1 |       |     2 |     9 |     5 |       ||    17
       Confused          |       |       |       |       |     3 |       |       |       ||     3
       Petrified         |       |       |       |       |       |     7 |       |       ||     7
       Petrifying        |       |       |       |       |       |     1 |       |       ||     1
       Paralysed         |       |       |       |       |       |       |     3 |       ||     3
       Invisible         |       |       |       |       |       |       |     1 |       ||     1
Armor: Robe              |     9 |    11 |   104 |   118 |    65 |       |       |       ||   307
       Leather armour    |       |       |       |       |   529 |   873 |   386 |    45 ||  1833
Dodge: Dodged            |    16 |    25 |   166 |   150 |   541 |   673 |   396 |    60 ||  2027
Block: Kite shield       |       |       |       |       |  1098 |  1308 |   822 |   125 ||  3353
       Rpst.: Broad axe  |       |       |       |       |       |    41 |    76 |    10 ||   127

Table legend: (Time is in decaauts)
 A = Elapsed time spent in this place.
 B = Non-inter-level travel time spent in this place.
 C = Inter-level travel time spent in this place.
 D = Time resting spent in this place.
 E = Time spent auto-exploring this place.
 F = Levels seen in this place.
 G = Mean time per level.
                   A        B        C        D        E       F      G
               +--------+--------+--------+--------+--------+-----+--------+
         Total |  61153 |  54623 |   6530 |  16320 |  22888 |  44 | 1389.8 |
       Dungeon |  22500 |  18748 |   3752 |   4447 |   8571 |  15 | 1500.0 |
        Temple |    217 |    173 |     44 |      0 |    171 |   1 |  217.0 |
          Lair |  10452 |   9188 |   1264 |   2098 |   4706 |   6 | 1742.0 |
        Shoals |   2809 |   2741 |     68 |     79 |   1899 |   4 |  702.2 |
   Spider Nest |   8217 |   7738 |    479 |   3427 |   2115 |   4 | 2054.2 |
  Orcish Mines |   2886 |   2501 |    385 |    700 |   1022 |   2 | 1443.0 |
   Elven Halls |   6721 |   6467 |    254 |   3273 |   1653 |   3 | 2240.3 |
        Vaults |   2258 |   2142 |    116 |    903 |    856 |   1 | 2258.0 |
        Depths |   3051 |   2887 |    164 |    912 |   1190 |   3 | 1017.0 |
        Bazaar |    155 |    155 |      0 |      0 |     65 |   1 |  155.0 |
         Sewer |    258 |    258 |      0 |     93 |    125 |   1 |  258.0 |
        Bailey |    431 |    431 |      0 |    130 |    136 |   1 |  431.0 |
      Ice Cave |    676 |    676 |      0 |    121 |    208 |   1 |  676.0 |
      Gauntlet |    516 |    516 |      0 |    134 |    168 |   1 |  516.0 |
               +--------+--------+--------+--------+--------+-----+--------+

Top non-repeatable levels by time:
Spider:4: 2958 daAuts
   Elf:2: 2755 daAuts
Spider:3: 2596 daAuts
   Elf:3: 2541 daAuts
Vaults:1: 2258 daAuts
     D:7: 2245 daAuts
  Lair:2: 2213 daAuts
    D:15: 1923 daAuts
    D:11: 1901 daAuts
Depths:2: 1900 daAuts
     D:6: 1831 daAuts
   Orc:1: 1760 daAuts
  Lair:6: 1729 daAuts
  Lair:1: 1724 daAuts
  Lair:5: 1703 daAuts
